 Dungeon Crawl Stone Soup version 0.24-b1 (webtiles) character file.

Game seed: 10660253515747375480, levelgen mode: deterministic

157 Johnny the Digger (level 4, -5/36 HPs)
             Began as a Demigod Earth Elementalist on Oct 12, 2019.
             Slain by a crocodile (11 damage)
             ... in a sewer.
             The game lasted 00:02:36 (1846 turns).

Johnny the Digger (Demigod Earth Elementalist)      Turns: 1846, Time: 00:02:37

Health: -5/36      AC:  5    Str: 11    XL:     4   Next: 93%
Magic:  4/10       EV: 12    Int: 21    God:
Gold:   139        SH:  0    Dex: 18    Spells: 7/8 levels left

rFire    . . .     SeeInvis .   n - +0 short sword
rCold    . . .     Gourm    .   (no shield)
rNeg     . . .     Faith    .   c - +0 robe
rPois    .         Spirit   .   (no helmet)
rElec    .         Reflect  .   l - +2 cloak
rCorr    .         Harm     .   (no gloves)
MR       .....                  (no boots)
Stlth    +++.......             (no amulet)
HPRegen  0.00/turn              h - ring of wizardry
MPRegen  0.12/turn              (no ring)

@: no status effects
A: thin skeletal structure 1, high mp 1, inhibited regeneration
a: no special abilities


You were in a sewer.
You were not hungry.

You visited 1 branch of the dungeon, and saw 4 of its levels.
You also visited: Sewer.

You collected 139 gold pieces.

Inventory:

Hand Weapons
 n - a +0 short sword (weapon)
Missiles
 b - 14 stones (quivered)
Armour
 c - a +0 robe (worn)
 l - a +2 cloak (worn)
Jewellery
 h - a ring of wizardry (left hand)
Scrolls
 e - 3 scrolls of identify {unknown}
 f - a scroll of remove curse {unknown}
 g - a scroll of magic mapping {unknown}
 i - a scroll of teleportation {unknown}
 j - 6 scrolls of enchant weapon {unknown}
 k - a scroll of fog {unknown}
 q - a scroll of fear {unknown}
Potions
 a - 2 potions of curing
 m - 2 potions of lignification {unknown}
 p - 2 potions of degeneration {unknown}
 r - a potion of agility {unknown}
Comestibles
 d - 3 rations
 o - a chunk of flesh


   Skills:
 + Level 1.9 Fighting
 - Level 1.8 Dodging
 - Level 1.7 Stealth
 + Level 2.7 Spellcasting
   Level 0.8 Transmutations
 * Level 4.2 Earth Magic


You had 7 spell levels left.
You knew the following spells:

 Your Spells              Type           Power        Failure   Level  Hunger
a - Sandblast             Erth           ###...       1%          1    None

Your spell library contained the following spells:

 Spells                   Type           Power        Failure   Level  Hunger
 Passwall                 Tmut/Erth      ##......     3%          2    ##.....
 Stone Arrow              Conj/Erth      ##....       7%          3    ###....
 Petrify                  Tmut/Erth      ##......     19%         4    ####...
 Lee's Rapid Deconstruct  Erth           ###.......   26%         5    ######.


Dungeon Overview and Level Annotations

Branches:
Dungeon (4/15)              Sewer (1/1)
 Temple: D:4-7

Annotations:
D:3 Grinder


Innate Abilities, Weirdness & Mutations

You have an increased reservoir of magic. (+10% MP)
You have a somewhat thin skeletal structure. (Dex +2, Stealth)
You do not regenerate when monsters are visible.


Message History

Casting: Sandblast (safe; 1% risk of failure)
Confirm with . or Enter, or press ? or * to list all spells.
Aiming: Sandblast (safe; 1% risk of failure)
Press: ? - help, Shift-Dir - straight line, f/p - crocodile
Aim: a crocodile (severely wounded)
The blast of sand hits the crocodile.
The crocodile is almost dead.
b - 15 stones The crocodile misses you.
Unknown command.
Casting: Sandblast (safe; 1% risk of failure)
Confirm with . or Enter, or press ? or * to list all spells.
Aiming: Sandblast (safe; 1% risk of failure)
Press: ? - help, Shift-Dir - straight line, f/p - crocodile
Aim: a crocodile (almost dead)
The blast of sand hits the crocodile.
The crocodile is almost dead.
b - 14 stones The crocodile bites you!
You die...

######## ###......###
###.≈≈.......###
###.≈...####≈....##.$#
##...≈≈### ###.@t.≈#
......## ##......#
##.≈.≈.# .≈..≈###
###.≈..≈# ≈...##.(
###..≈.≈ ≈..### ?#
##... ..## # ######


You could see a crocodile.

Vanquished Creatures
  An ogre (D:3)
  3 adders
  A leopard gecko (D:2)
  4 giant cockroaches
  A goblin (D:2)
  2 hobgoblins
  4 jackals
  7 kobolds
  A quokka (D:3)
  A ball python (D:4)
  7 bats
  3 frilled lizards
  8 rats
43 creatures vanquished.

Vanquished Creatures (others)
  A human (D:2)
1 creature vanquished.

Grand Total: 44 creatures vanquished

Notes
Turn   | Place    | Note
-------+----------+-------------------------------------------
     0 | D:1      | Johnny the Demigod Earth Elementalist began the quest for
                  | the Orb.
     0 | D:1      | Reached XP level 1. HP: 14/14 MP: 5/5
   822 | D:2      | Reached skill level 3 in Earth Magic
   861 | D:2      | Reached XP level 2. HP: 22/22 MP: 4/7
  1206 | D:2      | Found a faded altar of an unknown god.
  1248 | D:2      | Reached skill level 1 in Fighting
  1265 | D:2      | Found an ancient bone altar of Kikubaaqudgha.
  1273 | D:2      | Noticed a human
  1275 | D:2      | Killed a human
  1340 | D:3      | Reached XP level 3. HP: 28/28 MP: 5/8
  1402 | D:3      | Found a stormy altar of Qazlal.
  1468 | D:3      | Noticed Grinder
  1474 | D:3      | Gained mutation: You do not regenerate when monsters are
                  | visible. [potion of mutation]
  1474 | D:3      | Gained mutation: You have a somewhat thin skeletal
                  | structure. (Dex +2, Stealth) [potion of mutation]
  1684 | D:3      | Noticed an ogre
  1691 | D:3      | Killed an ogre
  1691 | D:3      | Reached skill level 4 in Earth Magic
  1691 | D:3      | Reached XP level 4. HP: 24/36 MP: 4/10
  1728 | D:3      | Found a glowing drain.
  1738 | Sewer    | Entered a sewer
  1837 | Sewer    | Noticed a crocodile
  1846 | Sewer    | Slain by a crocodile

Skill      XL: |  1  2  3 |
---------------+----------+-----
Earth Magic    | 3 4 |  4.2
Spellcasting   | 2 |  2.7
Fighting       | 1 |  1.9
Dodging        | |  1.8
Stealth        | |  1.7
Transmutations | |  0.8

Action                   |  1- 3 |  4- 6 || total
-------------------------+-------+-------++-------
Melee: Unarmed           |    51 |     5 ||    56
Throw: Stone             |     1 |       ||     1
 Cast: Sandblast         |    50 |    18 ||    68
  Use: Potion            |     3 |       ||     3
 Stab: Sleeping          |     5 |       ||     5
  Eat: Chunk             |     2 |     1 ||     3
Armor: Robe              |    25 |     6 ||    31
Dodge: Dodged            |    54 |    10 ||    64
